 Dungeon Crawl Stone Soup version 0.31.0-9-g3a7656b989 (webtiles) character file.

Game seed: 18138218108496753279

94 qw the Shooter (level 4, -1/25 HPs)
             Began as a Deep Elf Hunter on Feb 2, 2024.
             Slain by a goblin
             ... wielding a +0 club
             ... led by Robin
              (5 damage)
             ... on level 3 of the Dungeon.
             The game lasted 00:00:08 (1536 turns).

qw the Shooter (Deep Elf Hunter)                    Turns: 1536, Time: 00:00:08

Health: -1/25      AC:  4    Str:  5    XL:     4   Next: 38%
Magic:  6/6        EV: 12    Int: 14    God:
Gold:   14         SH:  0    Dex: 18    Spells: 3/3 levels left

rFire   . . .        a - +0 shortbow
rCold   . . .        (shield currently unavailable)
rNeg    + + .        b - +1 leather armour of Uskayaw's Displeasure {rPois rN++ Str-5 Stlth+}
rPois   +            (no helmet)
rElec   .            (no cloak)
rCorr   .            (no gloves)
SInv    .            (no boots)
Will    .....        (no amulet)
Stlth   +++          (no ring)
HPRegen 0.24/turn    (no ring)
MPRegen 0.10/turn

%: no passive effects
@: no status effects
A: no striking features
a: no special abilities


You were on level 3 of the Dungeon.
You visited 1 branch of the dungeon, and saw 3 of its levels.

You collected 168 gold pieces.
You spent 154 gold pieces at shops.


   Skills:
 - Level 1.5 Fighting
 + Level 7.8 Ranged Weapons
 - Level 2.4 Dodging
 - Level 1.2 Stealth


You had 3 spell levels left.
You didn't know any spells.
Your spell library was empty.

Inventory:

Hand Weapons
 a - a +0 shortbow (weapon)
Armour
 b - the +1 leather armour of Uskayaw's Displeasure (worn) {rPois rN++ Str-5 Stlth+}
   (You found it on level 2 of the Dungeon)

   Str-5:     It affects your strength (-5).
   rPois:     It protects you from poison rN++: It greatly protects you from
   negative energy.
   Stlth+:    It makes you more stealthy.
Jewellery
 j - a ring of wizardry
Wands
 f - a wand of polymorph (12)
Potions
 c - a potion of attraction {unknown}
 d - 3 potions of might
 e - 3 potions of curing
 g - a potion of magic {unknown}
 h - a potion of resistance
 i - a potion of haste {unknown}

Dungeon Overview and Level Annotations

Branches:
Dungeon (3/15)

Altars:

Shops:
D:1 :(:=*   D:2 !

Annotations:
D:2 exclusion: hobgoblin
D:3 Robin


Message History

You shoot an arrow. The arrow hits the goblin.
The goblin is severely wounded.
A bombardier beetle comes into view.
The goblin hits you with a +0 club. The goblin hits you with a +0 dagger.
You shoot an arrow. The arrow hits the goblin.
You kill the goblin!
The goblin barely misses you.
You shoot an arrow. The arrow closely misses the goblin.
The goblin no longer looks unusually strong.
You shoot an arrow. The arrow hits the goblin!
You kill the goblin!
The goblin no longer looks unusually strong.
You shoot an arrow. The arrow hits the goblin.
You kill the goblin!
The goblin closely misses you.
You shoot an arrow. The arrow hits the goblin.
The goblin is severely wounded.
The goblin misses you.
You shoot an arrow. The arrow closely misses the goblin.
The hobgoblin no longer looks unusually strong.
You shoot an arrow. The arrow hits the goblin.
You kill the goblin!
A goblin comes into view. It is wielding a +0 dagger.
You shoot an arrow. The arrow barely misses the goblin.
The goblin hits you with a +0 club.
You shoot an arrow. The arrow hits the goblin.
The goblin is severely wounded.
The goblin hits you but does no damage. x2
You shoot an arrow. The arrow hits the goblin!
You kill the goblin!
The goblin no longer looks unusually strong.
The goblin hits you with a +0 club.
Robin roars a battlecry!
The goblins go into a battle-frenzy!
You shoot an arrow. The arrow hits the goblin.
The goblin is severely wounded.
The goblin hits you with a +0 club. Robin throws the goblin at you!
You shoot an arrow. The arrow closely misses the goblin.
The goblin hits you but does no damage. The goblin hits you with a +0 club.
You die...

##'## #..<. #. #.#
###.# .. #.# #.#
#B ##.######.# #g
##.........# #g
#..........# #.
##....###.##
#g########...###.#
#g@.....###......#
#######......#####
########


You could see a bombardier beetle, Robin, a hobgoblin (strong) and 2 goblins.

Vanquished Creatures
  Jessica (D:3)
  2 adders (D:2)
  A ribbon worm (D:2)
  A dart slug (D:2)
  A ball python (D:1)
  2 bats
  2 endoplasms
  3 giant cockroaches
  9 goblins
  4 hobgoblins
  4 jackals (D:1)
  5 kobolds
  2 frilled lizards (D:1)
  3 rats
40 creatures vanquished.

Notes
Turn   | Place    | Note
-------+----------+-------------------------------------------
     0 | D:1      | qw the Deep Elf Hunter began the quest for the Orb.
     0 | D:1      | Reached XP level 1. HP: 12/12 MP: 3/3
     0 | D:1      | 0 ||| qw: Version: 0.3-a-155-g5e7d8dd
     0 | D:1      | 0 ||| qw: Game counter: 2827
     0 | D:1      | 0 ||| qw: Melee chars always use a shield: true
     0 | D:1      | 0 ||| qw: God list: Okawaru
     0 | D:1      | 0 ||| qw: Allow faded altars: false
     0 | D:1      | 0 ||| qw: Do Orc after clearing Dungeon:15 true
     0 | D:1      | 0 ||| qw: Do second Lair branch before Depths: true
     0 | D:1      | 0 ||| qw: Lair rune preference: random
     0 | D:1      | 0 ||| qw: Goals: Normal
     0 | D:1      | 0 ||| PLANNING D:1-11
   131 | D:1      | Found Pekkuwiy's Assorted Antiques.
   158 | D:1      | 158 ||| SHOPLISTING glowing cloak (232 gold, have 17).
   158 | D:1      | 158 ||| SHOPLISTING helmet (139 gold, have 17).
   158 | D:1      | 158 ||| SHOPLISTING lumpy cyan potion (27 gold, have 17).
   158 | D:1      | 158 ||| SHOPLISTING scroll labelled GOSODE RUOKUW (31 gold,
                  | have 17).
   242 | D:1      | Reached XP level 2. HP: 16/16 MP: 4/4
   260 | D:1      | Found a faded altar of an unknown god.
   290 | D:1      | Reached skill level 6 in Ranged Weapons
   296 | D:1      | Found Gucuffy's Book Shop.
   328 | D:1      | 328 ||| RETREEEEATING.
   329 | D:1      | 329 ||| RETREEEEATING.
   332 | D:1      | 332 ||| RETREEEEATING.
   333 | D:1      | 333 ||| RETREEEEATING.
   334 | D:1      | 334 ||| RETREEEEATING.
   335 | D:1      | 335 ||| RETREEEEATING.
   413 | D:1      | Found Xifack's Jewellery Boutique.
   415 | D:1      | 415 ||| SHOPLISTING amulet of reflection (360 gold, have
                  | 79).
   415 | D:1      | 415 ||| SHOPLISTING amulet of regeneration (360 gold, have
                  | 79).
   415 | D:1      | 415 ||| SHOPLISTING ring of fire (300 gold, have 79).
   555 | D:1      | Found Hatrum's Weapon Shop.
   563 | D:1      | Found Wupses's Book Emporium.
   604 | D:1      | 604 ||| READING scroll labelled PIES SENOAPTAE.
   605 | D:1      | 605 ||| READING scroll labelled RUS ETOOFEYLAU.
   606 | D:1      | 606 ||| READING scroll labelled YHIRAFOOXT.
   607 | D:1      | 607 ||| DROPPING scroll of butterflies.
   689 | D:2      | Identified the +1 leather armour of Uskayaw's Displeasure
                  | {rPois rN++ Str-5 Stlth+}
   723 | D:2      | Reached XP level 3. HP: 15/20 MP: 5/5
   894 | D:2      | Reached skill level 7 in Ranged Weapons
  1261 | D:2      | Found Viax's Distillery.
  1269 | D:2      | 1269 ||| BUYING 2 potions of might (88 gold).
  1269 | D:2      | Bought 2 potions of might for 88 gold pieces
  1269 | D:2      | 1269 ||| BUYING potion of curing (33 gold).
  1269 | D:2      | Bought a potion of curing for 33 gold pieces
  1269 | D:2      | 1269 ||| BUYING potion of curing (33 gold).
  1269 | D:2      | Bought a potion of curing for 33 gold pieces
  1269 | D:2      | 1269 ||| SHOPLISTING potion of heal wounds (55 gold, have
                  | 5).
  1340 | D:2      | 1340 ||| UPGRADING to +1 leather armour of Uskayaw's
                  | Displeasure {rPois rN++ Str-5 Stlth+}.
  1350 | D:2      | 1350 ||| DROPPING +0 leather armour.
  1351 | D:2      | 1351 ||| READING scroll labelled RYJAS LUORISUR.
  1352 | D:2      | 1352 ||| READING scroll labelled JEITHR DO KYU.
  1352 | D:2      | 1352 ||| IDENTIFYING lumpy pink potion
  1353 | D:2      | 1353 ||| READING scroll labelled QOTIWE OG ABER.
  1354 | D:2      | 1354 ||| DRINKING 2 lumpy cyan potions.
  1355 | D:2      | 1355 ||| DROPPING potion of lignification.
  1367 | D:3      | Noticed Jessica
  1372 | D:3      | Killed Jessica
  1373 | D:3      | Reached XP level 4. HP: 25/25 MP: 6/6
  1514 | D:3      | Noticed Robin
  1534 | D:3      | HP: 5/25 [goblin/+0 club[Robin] (4)]
  1536 | D:3      | Slain by a goblin

Levels and vault maps discovered:
D:1:      roderic_octagonal_star, layout_basic, serial_shops, shop,
          nicolae_shop_peninsula, nicolae_shop_bloodbath_and_beyond, shop,
          nicolae_shop_gaudy_bauble, hellmonk_ecumenical_altar_leap_of_faith
D:2:      layout_basic, serial_shops, nicolae_shop_gibbet_a_chance,
          minmay_misc_feat_nine_boxes, dk_noncrumbling_4,
          uniq_crazy_yiuf_cottage
D:3:      layout_loops_corners, mainiacjoe_overflow_brackets,
          lexackson_kobold_supper, uniq_robin, uniq_jessica

Skill      XL: |  1  2  3 |
---------------+----------+-----
Ranged Weapons | 6 7 |  7.8
Fighting       | |  1.5
Dodging        | |  2.4
Stealth        | |  1.2

Action                     |  1- 3 |  4- 6 || total
---------------------------+-------+-------++-------
   Fire: Shortbow          |   102 |    28 ||   130
    Use: Scroll            |     6 |       ||     6
         Potion            |     1 |       ||     1
 Armour: Leather armour    |    32 |    20 ||    52
  Dodge: Dodged            |    45 |    13 ||    58

Table legend:
 A = Non-vault XP
 B = Vault XP
 C = Vault XP percentage of total XP
 D = Non-vault monster count
 E = Vault monster count
 F = Vault count percentage of total count
                 A         B        C        D         E       F
            +---------+---------+-------+---------+---------+-------
      Total |      82 |      53 |  39.3 |      31 |       9 |  22.5
            +---------+---------+-------+---------+---------+-------
        D:1 |      36 |       0 |   0.0 |      21 |       0 |   0.0
        D:2 |      44 |       0 |   0.0 |       9 |       0 |   0.0
        D:3 |       2 |      53 |  96.4 |       1 |       9 |  90.0
            +---------+---------+-------+---------+---------+-------
